Map: Tours du crépuscule

Players

Fradkin

  • Race: Zerg Zerg
  • League: Silver
  • Spawn Location: 7:00

zidar - Winner!

  • Race: Zerg Zerg
  • League: Gold
  • Spawn Location: 1:00

VOD

Have the link to the VOD?

Description

Time

  • Played on: May 25, 2016, 2:55 p.m.
  • Length: 8:58
Show
View Real Time Build Order
Export as new Build Order

Fradkin Zerg 

Build Orders: Pool First 

Get SALT Encoding   

  12  0:02  Drone  
  13  0:37  Spawning Pool  
  12  0:52  Hatchery  
  11  1:02  Drone x2  
  13  1:09  Overlord  
  13  1:13  Drone  
  14  1:27  Overlord  
  14  1:38  Zergling x2  
  15  1:47  Zergling x2  
  16  1:57  Zergling x2  
  16  1:59  Queen  
  19  2:11  Zergling x2  
  19  2:15  Spine Crawler  
  19  2:19  Spine Crawler  
  19  2:22  Extractor  
  19  2:28  Spine Crawler  
  17  2:31  Zergling x6  
  17  2:32  Zergling x2  
  21  2:39  Zergling x2  
  21  2:42  Zergling x2  
  22  2:49  Zergling x2  
  22  2:54  Zergling x2  
  22  2:56  Zergling x2  
  24  3:05  Zergling x4  
  25  3:13  Zergling x2  
  25  3:16  Zergling x2  
  23  3:28  Drone x2  
  25  3:38  Zergling x4  
  25  3:48  Spine Crawler  
  24  3:49  Drone  
  24  3:52  Drone  
  26  3:58  Spine Crawler  
  26  4:07  Spine Crawler  
  26  4:08  Zergling x2  
  26  4:14  Overlord  
  26  4:19  Drone  
  27  4:25  Drone  
  28  4:37  Zergling x6  
  30  4:40  Zergling x2  
  28  4:53  Zergling x2  
  28  4:54  Zergling x6  
  26  5:08  Zergling x4  
  27  5:16  Drone  
  27  5:17  Drone  
  29  5:26  Spine Crawler  
  29  5:28  Spine Crawler  
  27  5:33  Spine Crawler  
  26  5:36  Zergling x4  
  17  5:57  Zergling x2  
  17  5:58  Zergling x10  
  17  6:14  Drone  
  17  6:15  Drone  
  19  6:26  Drone  
  10  7:15  Zergling x4  
  10  7:16  Zergling x8  
  15  7:33  Zergling x4  
  17  7:37  Queen  
  16  7:51  Zergling x4  
  16  8:00  Zergling x2  
  14  8:10  Zergling x2  
  11  8:23  Drone  
  11  8:34  Drone  
Show
View Real Time Build Order
Export as new Build Order

zidar Zerg - Winner!

Build Orders: 1 Base Baneling Bust, Pool First 

Get SALT Encoding   

  12  0:01  Drone  
  13  0:12  Overlord  
  13  0:17  Drone  
  14  0:30  Drone x2  
  14  0:34  Drone  
  17  0:48  Spawning Pool  
  17  0:49  Drone  
  17  1:08  Extractor, Drone x2  
  18  1:27  Overlord  
  18  1:29  Drone  
  19  1:35  Queen  
  21  1:42  Zergling x2  
  21  1:51  Zergling x2  
  22  2:04  Zergling x2  
  23  2:11  Metabolic Boost  
  23  2:26  Zergling x4  
  24  2:43  Zergling x2  
  24  2:58  Zergling x6  
  24  3:11  Drone  
  25  3:29  Zergling x2  
  25  3:39  Baneling Nest  
  21  3:43  Zergling x8  
  25  4:00  Hatchery  
  23  4:07  Zergling x4  
  25  4:22  Zergling x2  
  26  4:41  Zergling x10  
  27  5:03  Spine Crawler  
  27  5:04  Spine Crawler  
  23  5:21  Queen  
  24  5:31  Zergling x2  
  24  5:32  Zergling x4  
  24  5:57  Spawning Pool  
  19  6:35  Evolution Chamber, Drone x6  
  19  6:36  Drone  
  16  7:17  Zergling x12  
  21  7:47  Zergling x4  
  21  8:02  Hatchery  
  16  8:18  Zergling x2  
  16  8:19  Zergling x6  
Tags
 
Add a new tag
Caveats
  • Supply blocks, unpowered buildings, or Contaminate may cause inaccurate times.
  • Supply counts are checked every 10 seconds.